 Dungeon Crawl Stone Soup version 0.31.0-11-ge490571c62 (webtiles) character file.

Game seed: 12106118077647071080

1176 qw the Skirmisher (level 8, -2/43 (45) HPs)
             Began as a Deep Elf Hunter on Feb 3, 2024.
             Was a Follower of Okawaru.
             Slain by a wight
             ... wielding a +2 halberd
              (4 damage)
             ... on level 6 of the Dungeon.
             The game lasted 00:00:21 (3864 turns).

qw the Skirmisher (Deep Elf Hunter)                 Turns: 3864, Time: 00:00:22

HP:   -2/43 (45)    AC: 14    Str: 10      XL:     8   Next: 18%
MP:   10/11         EV: 12    Int: 12 (15) God:    Okawaru [*.....]
Gold: 164           SH:  0    Dex: 17 (18) Spells: 7/7 levels left

rFire   . . .        a - +0 shortbow (flame)
rCold   . . .        (shield currently unavailable)
rNeg    . . .        d - +3 ring mail
rPois   .            (no helmet)
rElec   .            (no cloak)
rCorr   .            e - +2 pair of gloves
SInv    +            g - +2 pair of boots
Will    .....        (no amulet)
Stlth   +            j - ring of see invisible
HPRegen 0.27/turn    (no ring)
MPRegen 0.12/turn

%: no passive effects
@: about to teleport, lightly drained
A: no striking features
a: Renounce Religion, Heroism


You were on level 6 of the Dungeon.
You worshipped Okawaru.
Okawaru was aware of your devotion.
You visited 2 branches of the dungeon, and saw 7 of its levels.

You collected 212 gold pieces.
You spent 48 gold pieces at shops.


   Skills:
 + Level 2.7 Fighting
 - Level 12.2 Ranged Weapons
 - Level 1.0 Armour
 - Level 4.0 Dodging
 - Level 1.2 Stealth
 + Level 2.1 Invocations


You had 7 spell levels left.
You didn't know any spells.
Your spell library was empty.

Inventory:

Hand Weapons
 a - a +0 shortbow of flaming (weapon)
Armour
 d - a +3 ring mail (worn)
 e - a +2 pair of gloves (worn)
 g - a +2 pair of boots (worn)
Jewellery
 c - an amulet of guardian spirit
 j - a ring of see invisible (left hand)
Scrolls
 b - a scroll of teleportation
Potions
 h - 5 potions of curing
 l - a potion of mutation {unknown}
 p - a potion of might {unknown}

Dungeon Overview and Level Annotations

Branches:
Dungeon (6/15)             Temple (1/1) D:4

Altars:
Ashenzari
Cheibriados
Dithmenos
Elyvilon
Fedhas
Gozag
Hepliaklqana
Kikubaaqudgha
Makhleb
Nemelex Xobeh
Okawaru
Qazlal
Ru
Sif Muna
Trog
Uskayaw
Vehumet
Wu Jian
Xom
Yredelemnul
Zin
The Shining One

Shops:
D:2 [*=   D:4 [

Annotations:
D:4 exclusion: howler monkey


Message History

You shoot an arrow. The arrow closely misses the wight.
The wight closely misses you. The wight barely misses you.
You shoot an arrow. The arrow barely misses the wight.
You shoot an arrow. The arrow hits the wight.
The arrow burns the wight.
The wight is almost destroyed.
The wight hits you with a +0 great sword!
The wight closely misses you.
You shoot an arrow. The arrow hits the wight.
The arrow burns the wight.
You destroy the wight!
Okawaru accepts your kill. The wight barely misses you.
Your life force feels restored.
You shoot an arrow. The arrow hits the wight.
The arrow burns the wight.
The wight is heavily damaged.
The wight misses you.
You shoot an arrow.
The arrow hits the wight but does no damage.
The wight barely misses you. The wight hits you with a +3 war axe.
You shoot an arrow. The arrow hits the wight.
The arrow burns the wight.
The wight is lightly damaged.
The wight barely misses you. The wight hits you with a +3 war axe!
You feel drained.
You shoot an arrow. The arrow closely misses the wight.
The wight closely misses you. The wight hits you with a +3 war axe!
You feel drained.
3862 ||| READING 2 scrolls of teleportation.
As you read the scroll of teleportation, it crumbles to dust.
You feel strangely unstable.
The wight hits you from afar with a +2 halberd.
The wight hits you with a +3 war axe.
You feel drained.
You shoot an arrow. The arrow hits the wight!
The arrow burns the wight.
You destroy the wight!
Okawaru accepts your kill. The wight misses you.
Your Invocations skill increases to level 2!
You shoot an arrow.
The arrow hits the wight but does no damage.
The wight is heavily damaged.
The wight hits you from afar with a +2 halberd.
You die...

##.#.#....#..#.#
..........#....
##.#.#.......#
.........#...# ..
##.#>...%..######...
#.##......)........
# #...............
...........#######
##....#......)@..#
#....#..#..z#####
#....#..#...#
#....#.....## ###.
#..#.## .......
##.z... .z.#z


You could see a wight.

Vanquished Creatures
  A black bear (D:5)
  An ice beast (D:5)
  A centaur (D:6)
  An ogre (D:5)
  A phantom (D:4)
  A bullfrog (D:4)
  3 scorpions
  2 wights (D:6)
  A howler monkey (D:4)
  3 hounds
  An iguana (D:5)
  5 orc wizards (D:5)
  6 adders
  A shadow imp (D:5)
  A white imp (D:5)
  A ribbon worm (D:4)
  3 dart slugs
  13 orcs
  8 ball pythons
  An endoplasm (D:1)
  4 giant cockroaches
  7 goblins
  5 hobgoblins
  4 jackals (D:1)
  2 kobolds
  2 quokkas
  8 bats
  4 frilled lizards
  6 rats
97 creatures vanquished.

Notes
Turn   | Place    | Note
-------+----------+-------------------------------------------
     0 | D:1      | qw the Deep Elf Hunter began the quest for the Orb.
     0 | D:1      | Reached XP level 1. HP: 12/12 MP: 3/3
     0 | D:1      | 0 ||| qw: Version: 0.3-a-155-g5e7d8dd
     0 | D:1      | 0 ||| qw: Game counter: 3203
     0 | D:1      | 0 ||| qw: Melee chars always use a shield: true
     0 | D:1      | 0 ||| qw: God list: Okawaru
     0 | D:1      | 0 ||| qw: Allow faded altars: false
     0 | D:1      | 0 ||| qw: Do Orc after clearing Dungeon:15 true
     0 | D:1      | 0 ||| qw: Do second Lair branch before Depths: true
     0 | D:1      | 0 ||| qw: Lair rune preference: random
     0 | D:1      | 0 ||| qw: Goals: Normal
     0 | D:1      | 0 ||| PLANNING D:1-11
   278 | D:1      | Reached XP level 2. HP: 16/16 MP: 4/4
   288 | D:1      | Reached skill level 6 in Ranged Weapons
   536 | D:1      | Reached XP level 3. HP: 20/20 MP: 5/5
   609 | D:1      | 609 ||| UPGRADING to +0 scale mail.
   619 | D:1      | 619 ||| DROPPING +0 leather armour.
   620 | D:1      | 620 ||| UPGRADING to ring of see invisible.
   621 | D:1      | 621 ||| READING 2 scrolls labelled VUAGOH TIFRIEM.
   621 | D:1      | 621 ||| IDENTIFYING bubbling blue potion
   622 | D:1      | 622 ||| READING scroll of identify.
   622 | D:1      | 622 ||| IDENTIFYING murky inky potion
   623 | D:1      | 623 ||| READING scroll labelled SUVVEOC BECZOTS.
   624 | D:1      | 624 ||| READING scroll labelled UZOVODOKAE.
   625 | D:1      | 625 ||| READING scroll labelled WAYFAK DIWKUNN.
   626 | D:1      | 626 ||| READING scroll labelled JAMYR UCHOELU.
   626 | D:1      | Identified a scroll of acquirement
   626 | D:1      | 626 ||| ACQUIRING amulet of guardian spirit
   626 | D:1      | Acquired an amulet of guardian spirit
   628 | D:1      | 628 ||| UPGRADING to amulet of guardian spirit.
   633 | D:1      | 633 ||| READING scroll labelled ITERPH ZULIO.
   634 | D:1      | 634 ||| DRINKING 2 metallic puce potions.
   635 | D:1      | 635 ||| DROPPING scroll of butterflies.
   636 | D:1      | 636 ||| DROPPING potion of attraction.
   638 | D:1      | 638 ||| Stepping ~*~*~tactically~*~*~ (cloud).
   750 | D:2      | Found Wuunih's Jewellery Emporium.
   762 | D:2      | 762 ||| SHOPLISTING +4 ring of slaying (780 gold, have 27).
   762 | D:2      | 762 ||| SHOPLISTING +5 ring of evasion (360 gold, have 27).
   762 | D:2      | 762 ||| SHOPLISTING +6 ring of dexterity (360 gold, have
                  | 27).
   762 | D:2      | 762 ||| SHOPLISTING amulet of Elemental Vulnerability
                  | {rPois rF-- rC-- AC+8} (383 gold, have 27).
   762 | D:2      | 762 ||| SHOPLISTING ring of ice (250 gold, have 27).
   762 | D:2      | 762 ||| SHOPLISTING ring of resist corrosion (200 gold,
                  | have 27).
   817 | D:2      | Found Qepuwi's General Store.
   825 | D:2      | 825 ||| SHOPLISTING potion of heal wounds (55 gold, have
                  | 27).
   825 | D:2      | 825 ||| SHOPLISTING scroll of brand weapon (104 gold, have
                  | 27).
   825 | D:2      | 825 ||| SHOPLISTING scroll of enchant armour (82 gold, have
                  | 27).
   825 | D:2      | 825 ||| SHOPLISTING wand of polymorph (3) (46 gold, have
                  | 27).
   998 | D:2      | Found Seimaf's Antique Armour Shop.
  1010 | D:2      | 1010 ||| SHOPLISTING dazzling scale mail (207 gold, have
                  | 40).
  1010 | D:2      | 1010 ||| SHOPLISTING fading ring mail (207 gold, have 40).
  1010 | D:2      | 1010 ||| SHOPLISTING ring mail (92 gold, have 40).
  1010 | D:2      | 1010 ||| SHOPLISTING runed robe (85 gold, have 40).
  1014 | D:2      | Reached skill level 7 in Ranged Weapons
  1083 | D:2      | Found an ancient bone altar of Kikubaaqudgha.
  1293 | D:2      | 1293 ||| UPGRADING to +0 pair of boots.
  1298 | D:2      | 1298 ||| UPGRADING to +1 pair of boots.
  1308 | D:2      | 1308 ||| DROPPING +0 pair of boots.
  1309 | D:2      | 1309 ||| READING 2 scrolls labelled PINICI EPRER.
  1314 | D:2      | 1314 ||| READING 3 scrolls labelled PYNACZ IGEI.
  1314 | D:2      | 1314 ||| ENCHANTING +1 pair of boots.
  1649 | D:3      | 1649 ||| DROPPING ring of wizardry.
  1650 | D:3      | 1650 ||| READING scroll of identify.
  1650 | D:3      | 1650 ||| IDENTIFYING blue potion
  1651 | D:3      | 1651 ||| DROPPING potion of magic.
  1674 | D:4      | Found Uplujona's Armour Shop.
  1690 | D:4      | 1690 ||| SHOPLISTING +0 fire dragon scales (720 gold, have
                  | 111).
  1690 | D:4      | 1690 ||| BUYING +0 ring mail (48 gold).
  1690 | D:4      | Bought a +0 ring mail for 48 gold pieces
  1690 | D:4      | 1690 ||| SHOPLISTING +2 cloak (198 gold, have 63).
  1817 | D:4      | Reached XP level 4. HP: 20/25 MP: 6/6
  2008 | D:4      | 2008 ||| UPGRADING to +0 ring mail.
  2029 | D:4      | Reached skill level 8 in Ranged Weapons
  2029 | D:4      | 2029 ||| DROPPING +0 scale mail.
  2030 | D:4      | 2030 ||| READING 2 scrolls of enchant armour.
  2030 | D:4      | 2030 ||| ENCHANTING +0 ring mail.
  2031 | D:4      | 2031 ||| READING scroll of enchant armour.
  2031 | D:4      | 2031 ||| ENCHANTING +1 ring mail.
  2037 | D:4      | 2037 ||| READING scroll labelled EPLIOHA NODU.
  2037 | D:4      | 2037 ||| BRANDING +0 shortbow.
  2038 | D:4      | 2038 ||| READING scroll labelled UKUBUHOSUO.
  2139 | D:4      | 2139 ||| READING scroll labelled SAYRAS OS ZUG.
  2177 | D:4      | Noticed a phantom
  2178 | D:4      | 2178 ||| DRINKING potion of haste.
  2193 | D:4      | Killed a phantom
  2194 | D:4      | Reached XP level 5. HP: 25/29 MP: 4/7
  2355 | D:5      | Entered Level 5 of the Dungeon
  2419 | D:5      | Reached skill level 9 in Ranged Weapons
  2430 | D:5      | Noticed an ogre
  2435 | D:5      | Killed an ogre
  2436 | D:5      | Reached XP level 6. HP: 35/35 MP: 8/8
  2502 | D:5      | Reached skill level 10 in Ranged Weapons
  2742 | D:5      | Reached skill level 1 in Armour
  2743 | D:5      | 2743 ||| READING scroll labelled HAAMUBL IXKO.
  2856 | D:4      | 2856 ||| READING scroll of enchant armour.
  2856 | D:4      | 2856 ||| ENCHANTING +2 ring mail.
  2892 | D:4      | Reached XP level 7. HP: 40/40 MP: 9/9
  2897 | D:4      | Found a staircase to the Ecumenical Temple.
  2898 | D:4      | 2898 ||| PLANNING TEMPLE
  2917 | Temple   | Entered the Ecumenical Temple
  2918 | Temple   | 2918 ||| PLANNING OKAWARU WORSHIP
  2927 | Temple   | Became a worshipper of Warmaster Okawaru
  2928 | Temple   | 2928 ||| PLANNING D:1-11
  2928 | Temple   | 2928 ||| REMOVING amulet of guardian spirit.
  3062 | D:4      | 3062 ||| UPGRADING to +2 pair of gloves.
  3160 | D:5      | Found a radiant altar of Vehumet.
  3388 | D:5      | Reached skill level 11 in Ranged Weapons
  3737 | D:5      | 3737 ||| READING scroll of identify.
  3737 | D:5      | 3737 ||| IDENTIFYING lumpy silvery potion
  3738 | D:5      | 3738 ||| DRINKING 2 viscous amethyst potions.
  3739 | D:5      | 3739 ||| DROPPING potion of lignification.
  3740 | D:5      | 3740 ||| DROPPING potion of degeneration.
  3765 | D:6      | 3765 ||| PLANNING OSSUARY
  3805 | D:6      | Reached * piety under Okawaru
  3806 | D:6      | Reached skill level 12 in Ranged Weapons
  3811 | D:6      | Reached skill level 1 in Invocations
  3811 | D:6      | Reached XP level 8. HP: 38/44 MP: 10/10
  3843 | D:6      | 3843 ||| RETREEEEATING.
  3844 | D:6      | 3844 ||| RETREEEEATING.
  3846 | D:6      | 3846 ||| RETREEEEATING.
  3861 | D:6      | HP: 11/44 [wight/+3 war axe (7)]
  3862 | D:6      | 3862 ||| READING 2 scrolls of teleportation.
  3862 | D:6      | HP: 3/42 [wight/+3 war axe (3)]
  3864 | D:6      | Slain by a wight

Levels and vault maps discovered:
D:1:      minmay_arrival_open_corners, layout_loops_ring
D:2:      layout_basic, serial_shops, nicolae_shop_overgrown_old_shop,
          nicolae_diamond_shop, shop, basic_altar,
          minmay_misc_feat_secret_circle
D:3:      layout_rooms
D:4:      layout_basic, minmay_temple_entry_tees, serial_shops,
          nicolae_stop_n_shop_2, roderic_nine_men_s_morris,
          minmay_misc_feat_encased
D:5:      layout_basic, vehumet_crystals, feat_on_display
D:6:      layout_basic, nicolae_ossuary_entry_false_entrances,
          hangedman_decor_push, minmay_liquid_box, serial_bayou_crossing,
          uniq_blork_the_orc
Temple:   mainiacjoe_temple_hex_bubbles

Skill      XL: |  1  2  3  4  5  6  7  8 |
---------------+-------------------------+-----
Ranged Weapons | 6 7 8 9 10 12 | 12.2
Fighting       | 2 |  2.7
Dodging        | 4 |  4.0
Armour         | 1 |  1.0
Invocations    | 1 2 |  2.1
Stealth        | |  1.2

Action                     |  1- 3 |  4- 6 |  7- 9 || total
---------------------------+-------+-------+-------++-------
   Fire: Shortbow          |   140 |   100 |   107 ||   347
    Use: Scroll            |    10 |     7 |     2 ||    19
         Potion            |     1 |     1 |     1 ||     3
 Armour: Leather armour    |    16 |       |       ||    16
         Scale mail        |    13 |       |       ||    13
         Ring mail         |       |    31 |    35 ||    66
  Dodge: Dodged            |    30 |    28 |    35 ||    93

Table legend:
 A = Non-vault XP
 B = Vault XP
 C = Vault XP percentage of total XP
 D = Non-vault monster count
 E = Vault monster count
 F = Vault count percentage of total count
                 A         B        C        D         E       F
            +---------+---------+-------+---------+---------+-------
      Total |    1680 |       0 |   0.0 |      97 |       0 |   0.0
            +---------+---------+-------+---------+---------+-------
        D:1 |      42 |       0 |   0.0 |      24 |       0 |   0.0
        D:2 |      29 |       0 |   0.0 |      18 |       0 |   0.0
        D:3 |       7 |       0 |   0.0 |       5 |       0 |   0.0
        D:4 |     282 |       0 |   0.0 |      12 |       0 |   0.0
        D:5 |     862 |       0 |   0.0 |      32 |       0 |   0.0
        D:6 |     458 |       0 |   0.0 |       6 |       0 |   0.0
            +---------+---------+-------+---------+---------+-------
